[Event "XI Continental-ch America 2016"]
[Site "San Salvador"]
[Date "2016.06.01"]
[Round "7"]
[White "Quintiliano, Renato"]
[Black "Arenas, David"]
[Result "1/2-1/2"]
[ECO "E91"]
[WhiteElo "2441"]
[BlackElo "2496"]
[PlyCount "97"]
[EventDate "2016.??.??"]
[EventCountry "ESA"]
[TimeControl "40/5400+30:1800+30"]
[WhiteClock "0:20:27"]
[BlackClock "0:35:08"]

1. d4 Nf6 2. c4 g6 3. Nc3 Bg7 4. e4 d6 5. Nf3 O-O 6. Be2 c5 7. O-O cxd4 8.
Nxd4 Nc6 9. Be3 Bd7 10. Qd2 Nxd4 11. Bxd4 Bc6 12. f3 a5 13. b3 Nd7 14. Bf2 Nc5 15. Rab1 Be5 16. Bd1 e6 17. Bc2 Qe7 18. Rfe1 b6 19. a3 Rfc8 20. f4 Bg7 21. b4 axb4 22. axb4 Ra3 23. Nd5 exd5 24. exd5 Ne6 25. Bb3 Bd7 26. Bxb6 Qf6 27. dxe6 Bxe6 28. Red1 Bf5 29. Qc1 Ra6 30. Ba5 Bxb1 31. Qxb1 Rb8 32. Qd3 Qc3 33. Ba4 Qxd3 34. Rxd3 Bf8 35. Bb5 Ra7 36. Kf2 Kg7 37. Kf3 Kf6 38. g4 h6 39. h3 h5 40. Rd2 hxg4+ 41. hxg4 Be7 42. Ke4 Kg7 43. Kd5 Bf8 44. Bc6 Be7 45.
Re2 Kf8 46. Rh2 Kg8 47. Re2 Kf8 48. Rh2 Kg8 49. Re2 1/2-1/2

[Event "XI Continental-ch America 2016"]
[Site "San Salvador"]
[Date "2016.06.01"]
[Round "7"]
[White "Mareco, Sandro"]
[Black "Perez, Matias"]
[Result "1/2-1/2"]
[ECO "D22"]
[WhiteElo "2625"]
[BlackElo "2437"]
[PlyCount "42"]
[EventDate "2016.??.??"]
[EventCountry "ESA"]
[TimeControl "40/5400+30:1800+30"]
[WhiteClock "1:12:40"]
[BlackClock "0:19:14"]

1. d4 d5 2. c4 dxc4 3. Nf3 a6 4. e3 b5 5. a4 Bb7 6. b3 Nf6 7. bxc4 bxc4 8. Bxc4 e6 9. O-O c5 10. Ba3 Nbd7 11. Nbd2 cxd4 12. Bxf8 Nxf8 13. Nxd4 Ng6 14. Rb1 Ra7 15. Rxb7 Rxb7 16. Bxa6 Rc7 17. Bb5+ Nd7 18. Nc6 Qa8 19. Qc1 Ne7 20. Qa3 Nxc6 21. Nc4 Qa7 1/2-1/2

[Event "XI Continental-ch America 2016"]
[Site "San Salvador"]
[Date "2016.06.01"]
[Round "7"]
[White "Ortiz Suarez, Isan Reynaldo"]
[Black "Lenderman, Aleksandr"]
[Result "1/2-1/2"]
[ECO "A06"]
[WhiteElo "2578"]
[BlackElo "2614"]
[PlyCount "88"]
[EventDate "2016.??.??"]
[EventCountry "ESA"]
[TimeControl "40/5400+30:1800+30"]
[WhiteClock "0:30:44"]
[BlackClock "0:35:55"]

1. Nf3 d5 2. g3 Nf6 3. Bg2 e6 4. O-O Be7 5. d4 O-O 6. c4 dxc4 7. Ne5 Nc6 8. Nxc6 bxc6 9. Na3 Bxa3 10. bxa3 Ba6 11. Qd2 Rb8 12. Qa5 Rb6 13. a4 Qc8 14. Ba3 Rd8 15. Bc5 Rb2 16. e4 Nd7 17. Be7 Re8 18.
Ba3 Rb8 19. Rfd1 c5 20. Bxc5 Nxc5 21. dxc5 Bb7 22. Rab1 Bc6 23. Rxb8 Qxb8 24. Qa6 Rd8 25. Rxd8+ Qxd8 26. Qxc4 Qd1+ 27. Bf1 g6 28. Kg2 e5 29. a5 Qe1 30. Be2 Qxa5 31. h4 Qd2 32. Bf3 Qa5 33.
Bd1 Qe1 34. Bf3 a5 35. a3 Kg7 36. g4 h6 37. Qc2 Qa1 38. Qd3 Qc1 39. Qd8 Qxa3 40. Qe7 Qc3 41. g5 hxg5 42. hxg5 Bb5 43. Qf6+ Kg8 44. Qd8+ Kg7 1/2-1/2

[Event "XI Continental-ch America 2016"]
[Site "San Salvador"]
[Date "2016.06.01"]
[Round "7"]
[White "Liang, Awonder"]
[Black "Cordova, Emilio"]
[Result "1/2-1/2"]
[ECO "C01"]
[WhiteElo "2410"]
[BlackElo "2602"]
[PlyCount "59"]
[EventDate "2016.??.??"]
[EventCountry "ESA"]
[TimeControl "40/5400+30:1800+30"]
[WhiteClock "0:06:29"]
[BlackClock "0:10:13"]

1. e4 e6 2. d4 d5 3. exd5 exd5 4. Nf3 Bd6 5. c4 dxc4 6. Bxc4 Nf6 7. Qe2+ Qe7 8. Qxe7+ Bxe7 9. O-O O-O 10. Bf4 Bd6 11. Bxd6 cxd6 12. Nc3 Bg4 13. Nd2 Nc6 14. f3 Bf5 15. Nde4 Bxe4 16. fxe4 Nxd4 17. Rad1 Nc6 18. Rxd6 Ne5 19. Bb3 Rfd8 20. Rxd8+ Rxd8 21. Nd5 Nxd5 22. Bxd5 Rd7 23. Rc1 Kf8 24. Rc3 f5 25. Kf2 Ke7 26. Ke3 Kf6 27. h3 g5 28. g3 Ng6 29. exf5 Rxd5 30. Ke4 {[%emt 0:01:47] Ke5+ [%clk 0:10:13]} 1/2-1/2

[Event "XI Continental-ch America 2016"]
[Site "San Salvador"]
[Date "2016.06.01"]
[Round "7"]
[White "Kovalyov, Anton"]
[Black "Erenburg, Sergey"]
[Result "1-0"]
[ECO "D10"]
[WhiteElo "2602"]
[BlackElo "2587"]
[PlyCount "81"]
[EventDate "2016.??.??"]
[EventCountry "ESA"]
[TimeControl "40/5400+30:1800+30"]
[WhiteClock "0:37:40"]
[BlackClock "0:00:37"]

1. c4 c6 2. d4 d5 3. cxd5 cxd5 4. Nc3 Nf6 5. Bf4 Nc6 6. e3 Bg4 7. Qb3 Na5 8. Qa4+ Bd7 9. Qc2 e6 10. Bd3 Nc6 11. Qe2 Be7 12. h3 O-O 13.
Nf3 Qa5 14. O-O Rfc8 15. Rac1 Be8 16. Rfd1 Qd8 17. a3 a6 18. e4 dxe4 19. Nxe4 Nd5 20. Bg3 Na7 21. Nc5 Qb6 22. b4 Bb5 23.
Ne5 Bxd3 24. Rxd3 Rd8 25. Qf3 Nf6 26. Nc4 Qb5 27. Nxb7 Rd5 28.
Ne3 Qxd3 29. Nxd5 Qxf3 30. Nxe7+ Kf8 31. gxf3 Kxe7 32. Rc7+ Kf8 33. Nd6 Nb5 34. Rxf7+ Kg8 35. Rb7 Nxa3 36. Be5 Nc2 37. Ne4 Ne8 38. Ng5 a5 39. bxa5 h6 40. Nxe6 Rxa5 41. Re7 1-0

[Event "XI Continental-ch America 2016"]
[Site "San Salvador"]
[Date "2016.06.01"]
[Round "7"]
[White "Gonzalez, Yuri"]
[Black "Arias, Daniel"]
[Result "1-0"]
[ECO "A48"]
[WhiteElo "2555"]
[BlackElo "2285"]
[PlyCount "99"]
[EventDate "2016.??.??"]
[EventCountry "ESA"]
[TimeControl "40/5400+30:1800+30"]
[WhiteClock "0:05:41"]
[BlackClock "0:13:05"]

1. d4 Nf6 2. Nf3 g6 3. Bg5 Bg7 4. Nbd2 c5 5. e3 d6 6. c3 Nbd7 7. Bd3 O-O 8. O-O b6 9. a4 a6 10. Qe2 Bb7 11. h3 Re8 12. Rfd1 h6 13.
Bh4 Nh5 14. g4 Nhf6 15. Bg3 Nf8 16. dxc5 bxc5 17. e4 N6d7 18. Nc4 Nb6 19. Ne3 a5 20. Nd2 Nfd7 21. Bb5 Qc8 22. h4 Bc6 23. h5 Qb7 24. f3 Bxb5 25. axb5 a4 26. Ra3 Rf8 27. Kg2 Rae8 28. Rh1 g5 29. Nf5 Kh7 30. Rha1 Bf6 31. R1a2 Be5 32. b3 Bxg3 33. Kxg3 axb3 34. Nxb3 Nc8 35. Ra6 Ndb6 36. e5 dxe5 37. Nxc5 Qc7 38. Ne4 f6 39. c4 e6 40. c5 exf5 41. cxb6 Qc1 42. b7 Ne7 43. Nxf6+ Rxf6 44. Rxf6 Nd5 45. Rc6 Qg1+ 46. Qg2 Qe1+ 47. Kh2 Qh4+ 48. Qh3 Qe1 49. Rc8 fxg4 50. Qxg4 1-0

[Event "XI Continental-ch America 2016"]
[Site "San Salvador"]
[Date "2016.06.01"]
[Round "7"]
[White "Kevel, Oliva"]
[Black "Morovic Fernandez, Ivan"]
[Result "0-1"]
[ECO "E86"]
[WhiteElo "2500"]
[BlackElo "2573"]
[PlyCount "81"]
[EventDate "2016.??.??"]
[EventCountry "ESA"]
[TimeControl "40/5400+30:1800+30"]
[WhiteClock "0:13:48"]
[BlackClock "0:06:13"]

1. d4 Nf6 2. c4 d6 3. Nc3 g6 4. e4 Bg7 5. f3 O-O 6. Be3 e5 7. Nge2 c6 8. Qd2 Nbd7 9. d5 cxd5 10. cxd5 a6 11. g4 h5 12. g5 Nh7 13. Nc1 f6 14. gxf6 Qxf6 15.
Be2 Rf7 16. Nd3 Ndf8 17. O-O-O Bd7 18. Kb1 Qe7 19. Rhg1 Bf6 20. f4 exf4 21. Nxf4 Rg7 22. Bd4 Bxd4 23. Qxd4 Nf6 24. Rdf1 Ng4 25. Bxg4 hxg4 26. Nd3 Re8 27. Re1 Nh7 28. e5 Bf5 29. exd6 Qxe1+ 30. Rxe1 Rxe1+ 31. Kc2 Ng5 32. Qf2 Nf3 33. Na4 Re2+ 34. Qxe2 Nd4+ 35. Kd2 Nxe2 36. Kxe2 Rd7 37. Ndc5 Rxd6 38. Nc3 g5 39. Kf2 Rh6 40. Kg3 b5 41. b4 0-1

[Event "XI Continental-ch America 2016"]
[Site "San Salvador"]
[Date "2016.06.02"]
[Round "8"]
[White "Erenburg, Sergey"]
[Black "Gonzalez, Yuri"]
[Result "1/2-1/2"]
[ECO "C84"]
[WhiteElo "2587"]
[BlackElo "2555"]
[PlyCount "44"]
[EventDate "2016.??.??"]
[EventCountry "ESA"]
[TimeControl "40/5400+30:1800+30"]
[WhiteClock "0:24:03"]
[BlackClock "0:31:40"]

1. e4 e5 2. Nf3 Nc6 3. Bb5 a6 4. Ba4 Nf6 5. O-O Be7 6. d3 b5 7. Bb3 d6 8. a4 b4 9. a5 O-O 10. Nbd2 Be6 11. Nc4 Rb8 12. h3 h6 13. Re1 Re8 14. Be3 Bf8 15. Ba4 Bd7 16. c3 bxc3 17. bxc3 g6 18. Nh2 Bg7 19. Qf3 Qe7 20. Nf1 Nd8 21. Bc2 Ne6 22.
Bd2 Nh7 1/2-1/2

[Event "XI Continental-ch America 2016"]
[Site "San Salvador"]
[Date "2016.06.02"]
[Round "8"]
[White "Juarez, Carlos"]
[Black "Flores, Diego"]
[Result "0-1"]
[ECO "B42"]
[WhiteElo "2417"]
[BlackElo "2592"]
[PlyCount "80"]
[EventDate "2016.??.??"]
[EventCountry "ESA"]
[TimeControl "40/5400+30:1800+30"]
[WhiteClock "0:02:07"]
[BlackClock "0:03:32"]

1. e4 c5 2. Nf3 e6 3. d4 cxd4 4. Nxd4 a6 5. Bd3 Bc5 6. Nb3 Be7 7. a4 d6 8. a5 Bd7 9. O-O Nf6 10. Be3 Bc6 11. N1d2 Nbd7 12. f4 O-O 13. c4 Re8 14. Qe2 Bf8 15. Kh1 Qc7 16. Bg1 g6 17. Rae1 Bg7 18. e5 Nh5 19. Bd4 Rad8 20. Bb1 Nxf4 21. Rxf4 dxe5 22. Bb6 Nxb6 23. axb6 Qxb6 24. c5 Qb5 25. Qxb5 axb5 26. Rf2 f5 27. Na5 Bh6 28. Nxc6 bxc6 29. Nb3 e4 30. g3 Rd5 31. Kg2 Bf8 32. Rc1 Ra8 33. Rff1 Ra4 34. Rf2 h5 35. Rff1 Rb4 36. Ba2 Kf7 37. Rc2 Ra4 38. Ra1 Rd7 39. Kf2 Rda7 40. Nc1 Bh6 0-1

[Event "XI Continental-ch America 2016"]
[Site "San Salvador"]
[Date "2016.06.02"]
[Round "8"]
[White "Cordova, Emilio"]
[Black "Kovalyov, Anton"]
[Result "1/2-1/2"]
[ECO "A45"]
[WhiteElo "2602"]
[BlackElo "2602"]
[PlyCount "37"]
[EventDate "2016.??.??"]
[EventCountry "ESA"]
[TimeControl "40/5400+30:1800+30"]
[WhiteClock "0:46:45"]
[BlackClock "1:13:17"]

1. d4 Nf6 2. Nc3 d5 3. Bf4 e6 4. e3 Bd6 5. Nf3 Bxf4 6. exf4 O-O 7. Bd3 b6 8. Ne2 Ba6 9. Ne5 c5 10. c3 Bxd3 11. Qxd3 Qd6 12. O-O Nc6 13. Rfe1 Rac8 14. Rad1 Rfe8 15. h3 cxd4 16. Nxd4 Nxd4 17. Qxd4 Qc5 18. g4 Re7 19. a4 1/2-1/2

[Event "XI Continental-ch America 2016"]
[Site "San Salvador"]
[Date "2016.06.02"]
[Round "8"]
[White "Perez, Matias"]
[Black "Kevel, Oliva"]
[Result "0-1"]
[ECO "B49"]
[WhiteElo "2437"]
[BlackElo "2500"]
[PlyCount "84"]
[EventDate "2016.??.??"]
[EventCountry "ESA"]
[TimeControl "40/5400+30:1800+30"]
[WhiteClock "0:24:31"]
[BlackClock "0:38:05"]

1. e4 c5 2. Nf3 e6 3. d4 cxd4 4. Nxd4 Nc6 5. Nc3 Qc7 6. Be3 a6 7. Be2 Nf6 8. O-O Be7 9. f4 d6 10. Kh1 O-O 11. Qe1 Nxd4 12. Bxd4 b5 13.
a3 Bb7 14. Qg3 Rac8 15. Rae1 Rfd8 16. Bd3 g6 17. f5 e5 18. Be3 Qd7 19. Nd5 Bxd5 20. exd5 e4 21. Be2 Rxc2 22. Bd4 Rf8 23.
Bc3 Nxd5 24. fxg6 Nxc3 25. gxf7+ Kh8 26. bxc3 Qe6 27. Bd1 Ra2 28. c4 Bf6 29. cxb5 d5 30. Bb3 Rd2 31. Qf4 Bc3 32. Rc1 Rd3 33. Rb1 axb5 34. Qg5 e3 35. Bc2 Rd2 36. Bf5 Qe5 37. Qh6 Qg7 38. Qxg7+ Kxg7 39. Be6 e2 40. Rfc1 Rd3 41. h3 Re3 42. Rxc3 e1=Q+ 0-1

[Event "XI Continental-ch America 2016"]
[Site "San Salvador"]
[Date "2016.06.02"]
[Round "8"]
[White "Bruzon Batista, Lazaro"]
[Black "Ortiz Suarez, Isan Reynaldo"]
[Result "1/2-1/2"]
[ECO "D43"]
[WhiteElo "2681"]
[BlackElo "2578"]
[PlyCount "37"]
[EventDate "2016.??.??"]
[EventCountry "ESA"]
[TimeControl "40/5400+30:1800+30"]
[WhiteClock "1:17:59"]
[BlackClock "1:10:31"]

1. d4 d5 2. c4 c6 3. Nc3 Nf6 4. Nf3 e6 5. cxd5 exd5 6. Bg5 Be7 7. e3 Bf5 8. Bd3 Bxd3 9. Bxf6 Bxf6 10. Qxd3 O-O 11. O-O a5 12. a3 a4 13. Rad1 Nd7 14. Rfe1 g6 15. g3 Bg7 16. Kg2 Re8 17. Qc2 Qa5 18.
h4 h5 19. Re2 1/2-1/2

[Event "XI Continental-ch America 2016"]
[Site "San Salvador"]
[Date "2016.06.02"]
[Round "8"]
[White "Barrientos, Sergio"]
[Black "Mareco, Sandro"]
[Result "1/2-1/2"]
[ECO "B94"]
[WhiteElo "2466"]
[BlackElo "2625"]
[PlyCount "34"]
[EventDate "2016.??.??"]
[EventCountry "ESA"]
[TimeControl "40/5400+30:1800+30"]
[WhiteClock "1:04:57"]
[BlackClock "0:59:09"]

1. e4 c5 2. Nf3 d6 3. d4 cxd4 4. Nxd4 Nf6 5. Nc3 a6 6. Bg5 Nbd7 7. Bc4 Qb6 8. O-O Qxb2 9. Nd5 Nxd5 10. Bxd5 Qc3 11. Rb1 Qc7 12. Qh5 g6 13. Qf3 e6 14. Qxf7+ Kxf7 15. Nxe6 Qa5 16. Nd8+ Kg7 17. Ne6+ Kf7 1/2-1/2

[Event "XI Continental-ch America 2016"]
[Site "San Salvador"]
[Date "2016.06.02"]
[Round "8"]
[White "Lenderman, Aleksandr"]
[Black "Liang, Awonder"]
[Result "1-0"]
[ECO "A32"]
[WhiteElo "2614"]
[BlackElo "2410"]
[PlyCount "99"]
[EventDate "2016.??.??"]
[EventCountry "ESA"]
[TimeControl "40/5400+30:1800+30"]
[WhiteClock "0:36:15"]
[BlackClock "0:26:09"]

1. Nf3 Nf6 2. c4 c5 3. d4 cxd4 4. Nxd4 e6 5. Nc3 Bb4 6. g3 O-O 7. Bg2 d5 8. cxd5 Nxd5 9. Qb3 Qa5 10. Bd2 Nc6 11. Nxc6 bxc6 12. O-O Bxc3 13. bxc3 Ba6 14. Rfd1 Qc5 15. e4 Bc4 16. Qa4 Nb6 17. Qb4 Qh5 18. Be3 Be2 19. Rd2 Rab8 20. Bxb6 axb6 21. Qd6 Rfc8 22. a4 Bf3 23. Rb1 h6 24. Qf4 Bxg2 25. Kxg2 Ra8 26. Rxb6 Rxa4 27. Rb7 e5 28. Qe3 Qg6 29. f3 Qe6 30. g4 Ra2 31. Kg3 Rca8 32. Rdd7 Rc2 33. Rxf7 Qxf7 34. Rxf7 Kxf7 35. Qd3 Raa2 36. Qd7+ Kf8 37. Qf5+ Kg8 38. Qxe5 g5 39. h4 Rg2+ 40. Kh3 gxh4 41. Kxh4 Rh2+ 42. Kg3 h5 43. gxh5 Rag2+ 44. Kf4 Rh4+ 45. Ke3 Rgh2 46. Qe8+ Kg7 47. Qg6+ Kf8 48. Qf6+ Kg8 49. e5 Rxh5 50. e6 1-0

[Event "XI Continental-ch America 2016"]
[Site "San Salvador"]
[Date "2016.06.02"]
[Round "8"]
[White "Morovic Fernandez, Ivan"]
[Black "Pichot, Alan"]
[Result "1/2-1/2"]
[ECO "B41"]
[WhiteElo "2573"]
[BlackElo "2532"]
[PlyCount "110"]
[EventDate "2016.??.??"]
[EventCountry "ESA"]
[TimeControl "40/5400+30:1800+30"]
[WhiteClock "0:02:23"]
[BlackClock "0:03:21"]

1. e4 c5 2. Nf3 e6 3. d4 cxd4 4. Nxd4 a6 5. c4 Nf6 6. Nc3 Qc7 7. Be2 Bb4 8. O-O Bxc3 9. bxc3 d6 10. f3 O-O 11. Ba3 Rd8 12. Qd2 Nbd7 13.
Rfd1 Ne5 14. c5 d5 15. c4 Bd7 16. cxd5 exd5 17. exd5 Nxd5 18. Rac1 Re8 19. Nf5 Bxf5 20. Qxd5 Rad8 21. Qb3 Nc6 22. Bf1 Be6 23. Qb6 Qxb6 24. cxb6 Bxa2 25. Rxd8 Nxd8 26. Rc8 Be6 27. Rb8 Bd7 28. Bc4 Bc6 29. Be7 Rxe7 30. Rxd8+ Be8 31. Bd5 Kf8 32. Rb8 Re1+ 33. Kf2 Rb1 34. Rxb7 Rb5 35. Bc4 Rb4 36. Bxa6 Bc6 37. Rb8+ Ke7 38. Ke3 h6 39. Kf2 Rb2+ 40. Kg3 Bd5 41. h4 Kf6 42. h5 Ra2 43. Bf1 Rb2 44. Kf4 Rb3 45.
Be2 Ke6 46. g4 Kd6 47. Kg3 Rb2 48. Bd1 Rb4 49. Rd8+ Ke6 50. Rb8 Kd6 51. Kf2 f6 52. Rd8+ Kc6 53. Ke3 Rxb6 54. Ba4+ Kc5 55. Rd7 Rb7 {[%emt 0:00:31] Ke4} 1/2-1/2

[Event "XI Continental-ch America 2016"]
[Site "San Salvador"]
[Date "2016.06.03"]
[Round "9"]
[White "Gonzalez, Yuri"]
[Black "Liang, Awonder"]
[Result "1/2-1/2"]
[ECO "A05"]
[WhiteElo "2555"]
[BlackElo "2410"]
[PlyCount "155"]
[EventDate "2016.??.??"]
[EventCountry "ESA"]
[TimeControl "40/5400+30:1800+30"]
[WhiteClock "0:05:15"]
[BlackClock "0:09:45"]

1. Nf3 Nf6 2. c4 b6 3. Nc3 Bb7 4. d4 e6 5. a3 d5 6. Qc2 Be7 7. cxd5 exd5 8. Bf4 a6 9. e3 O-O 10. Bd3 c5 11. O-O g6 12. Ne5 Nc6 13.
Rad1 cxd4 14. Nxc6 Bxc6 15. exd4 Bb7 16. Rfe1 Re8 17. Qb3 b5 18. Bb1 Bc8 19. Be5 Be6 20. Ba2 Qd7 21. Ne2 Nh5 22. h3 Bg5 23. g4 Nf6 24. Nf4 h5 25. gxh5 Bxf4 26. Bxf6 Kh7 27. Qf3 Bh6 28. Kh2 Bg7 29. Bb1 Bf5 30. Bxf5 Qxf5 31. Qxf5 gxf5 32. Bxg7 Kxg7 33. Kg3 Kf6 34. Kf4 Rh8 35. Rc1 Rxh5 36. Rc6+ Kg7 37. Re3 Rh4+ 38. Ke5 Re8+ 39. Kxd5 Rd8+ 40. Ke5 Rdxd4 41. Rxa6 Rd2 42. Rg3+ Kf8 43. Ra8+ Ke7 44. Ra7+ Kf8 45. Rf3 Rxb2 46. Rxf5 Rh7 47. Kf6 Rh6+ 48. Kg5 Rh7 49. Kf6 Rh6+ 50. Ke5 Rh7 51. Rf4 Rb3 52. f3 Ke8 53. Ra8+ Ke7 54. h4 Rh5+ 55. Kd4 Ke6 56. Ra6+ Ke7 57. Ra7+ Ke6 58. Rfxf7 Rxh4+ 59. f4 Rxa3 60. Rfe7+ Kf6 61. Rxa3 Kxe7 62. Ke5 Rh6 63. Ra7+ Kf8 64. Rb7 Rc6 65. Rxb5 Kf7 66. Rb7+ Kf8 67. Kf5 Ra6 68. Kg5 Rc6 69. Rh7 Ra6 70. f5 Rb6 71. Rh8+ Kf7 72. Rd8 Ra6 73. Rd7+ Kf8 74. f6 Ra1 75. Rd8+ Kf7 76. Rd7+ Kf8 77. Rd8+ Kf7 78. Rd7+ 1/2-1/2

[Event "XI Continental-ch America 2016"]
[Site "San Salvador"]
[Date "2016.06.03"]
[Round "9"]
[White "Cordova, Emilio"]
[Black "Lenderman, Aleksandr"]
[Result "1-0"]
[ECO "A37"]
[WhiteElo "2602"]
[BlackElo "2614"]
[PlyCount "85"]
[EventDate "2016.??.??"]
[EventCountry "ESA"]
[TimeControl "40/5400+30:1800+30"]
[WhiteClock "0:14:33"]
[BlackClock "0:04:22"]

1. Nf3 c5 2. c4 Nc6 3. Nc3 g6 4. g3 Bg7 5. Bg2 e6 6. a3 Nge7 7. b4 d6 8. O-O O-O 9. bxc5 dxc5 10. Bb2 b6 11. d3 Bb7 12. e3 Nf5 13.
Qd2 Qe7 14. Rad1 Rad8 15. Qc1 Na5 16. Ne2 Bc6 17. Bxg7 Nxg7 18. Qb2 Qb7 19. e4 Qe7 20. h4 Ba8 21. Rfe1 Nc6 22. Qc1 Rd7 23.
Nf4 Rfd8 24. h5 Nd4 25. Ne5 Rc7 26. hxg6 hxg6 27. Nh3 Nh5 28. g4 Qf6 29. f4 Ng7 30. Ng5 Ne8 31. Kf2 Qg7 32. Rh1 Nf6 33.
Rh4 Nc6 34. Nxc6 Bxc6 35. e5 Bxg2 36. exf6 Qxf6 37. Kxg2 Rd4 38. Rdh1 Qxf4 39. Rh8+ Kg7 40. Nxe6+ fxe6 41.
R1h7+ Kf6 42. Qxf4+ Rxf4 43. Rxc7 1-0

[Event "XI Continental-ch America 2016"]
[Site "San Salvador"]
[Date "2016.06.03"]
[Round "9"]
[White "Gonzalez, Bernal"]
[Black "Erenburg, Sergey"]
[Result "0-1"]
[ECO "D20"]
[WhiteElo "2476"]
[BlackElo "2587"]
[PlyCount "74"]
[EventDate "2016.??.??"]
[EventCountry "ESA"]
[TimeControl "40/5400+30:1800+30"]
[WhiteClock "0:00:33"]
[BlackClock "0:01:00"]

1. d4 d5 2. c4 dxc4 3. e3 Nf6 4. Bxc4 a6 5. Nf3 e6 6. O-O b5 7. Bd3 Bb7 8. a4 b4 9. Qe2 c5 10. dxc5 Nbd7 11. Rd1 Qc7 12. e4 Nxc5 13. e5 Nd5 14. Bc4 Be7 15. Be3 Nxe3 16. Qxe3 Nxa4 17. Nbd2 Nc5 18. Nb3 O-O 19. Na5 Bxf3 20. Qxf3 Rfc8 21. Qe3 Nd7 22. Qe2 Rd8 23. Rdc1 Bg5 24. Re1 Bf4 25. Bd3 Nxe5 26. Be4 Rac8 27. g3 Rd2 28. Qxa6 Bh6 29. Qb5 Rxb2 30. Bb7 Qc2 31. Qf1 Nd3 32. Bxc8 Nxe1 33. Bb7 Be3 34. Kh1 Bxf2 35. Nb3 g6 36. Na5 Bd4 37. Qh3 Qf2 0-1

[Event "XI Continental-ch America 2016"]
[Site "San Salvador"]
[Date "2016.06.03"]
[Round "9"]
[White "Flores, Diego"]
[Black "Morovic Fernandez, Ivan"]
[Result "1/2-1/2"]
[ECO "E92"]
[WhiteElo "2592"]
[BlackElo "2573"]
[PlyCount "92"]
[EventDate "2016.??.??"]
[EventCountry "ESA"]
[TimeControl "40/5400+30:1800+30"]
[WhiteClock "0:27:43"]
[BlackClock "0:08:10"]

1. d4 Nf6 2. c4 g6 3. Nc3 Bg7 4. e4 d6 5. Nf3 O-O 6. Be2 e5 7. d5 a5 8. Bg5 h6 9. Be3 Ng4 10. Bd2 f5 11. h3 Nf6 12. exf5 gxf5 13. Qc1 f4 14.
g3 e4 15. Nh4 e3 16. fxe3 fxg3 17. Ng6 Re8 18. Rg1 Na6 19. Qc2 Nc5 20. O-O-O Nfe4 21. Nxe4 Bf5 22. Nxc5 Bxc2 23. Kxc2 dxc5 24.
Rdf1 Qd6 25. Nf4 Qb6 26. Bc1 Rf8 27. Rxg3 Rae8 28. Bd3 Rxf4 29. Rxf4 Rf8 30. Bf5 Kh8 31. b3 Be5 32. Be6 Rxf4 33. exf4 Bg7 34. Rg6 Qb4 35. Rxg7 Kxg7 36. Bb2+ Kf8 37. Be5 Qe1 38. Bxc7 Qe2+ 39. Kb1 Qd1+ 40. Kb2 Qd2+ 41. Kb1 Qd1+ 42. Kb2 Qd2+ 43. Kb1 a4 44. Bd6+ Ke8 45. Bxc5 Qc3 46. bxa4 Qxc4 1/2-1/2

[Event "XI Continental-ch America 2016"]
[Site "San Salvador"]
[Date "2016.06.03"]
[Round "9"]
[White "Kovalyov, Anton"]
[Black "Bruzon Batista, Lazaro"]
[Result "1/2-1/2"]
[ECO "A28"]
[WhiteElo "2602"]
[BlackElo "2681"]
[PlyCount "51"]
[EventDate "2016.??.??"]
[EventCountry "ESA"]
[TimeControl "40/5400+30:1800+30"]
[WhiteClock "0:48:00"]
[BlackClock "0:09:03"]

1. c4 e5 2. Nc3 Nf6 3. Nf3 Nc6 4. e3 Bb4 5. Qc2 d6 6. a3 Bxc3 7. Qxc3 O-O 8. b4 Re8 9. b5 Nb8 10. Be2 Bg4 11. h3 Bh5 12. O-O Nbd7 13.
d3 c5 14. a4 a5 15. e4 Nf8 16. Ra2 Ne6 17. Nh2 Bxe2 18. Rxe2 Nh5 19. Ra2 Rf8 20. Ng4 Nd4 21. Qe1 Qh4 22. f3 Qe7 23. Ne3 Nf4 24. Nf5 Nxf5 25.
Bxf4 Nd4 26. Be3 1/2-1/2

[Event "XI Continental-ch America 2016"]
[Site "San Salvador"]
[Date "2016.06.03"]
[Round "9"]
[White "Mareco, Sandro"]
[Black "Kevel, Oliva"]
[Result "1/2-1/2"]
[ECO "A33"]
[WhiteElo "2625"]
[BlackElo "2500"]
[PlyCount "104"]
[EventDate "2016.??.??"]
[EventCountry "ESA"]
[TimeControl "40/5400+30:1800+30"]
[WhiteClock "0:20:42"]
[BlackClock "0:09:36"]

1. c4 c5 2. Nf3 Nc6 3. d4 cxd4 4. Nxd4 Nf6 5. Nc3 e6 6. a3 Bc5 7. Nb3 Bb6 8. c5 Bc7 9. g3 b6 10. Bg2 bxc5 11. Nxc5 O-O 12. O-O Be5 13. Bd2 d5 14. Rc1 Rb8 15. Nd3 Bxc3 16. Bxc3 Qb6 17. Bxf6 gxf6 18. e4 dxe4 19. Qg4+ Kh8 20. Qxe4 Nd4 21. Rc4 Nf5 22. Rb4 Qd6 23. Rxb8 Qxb8 24. Rc1 Rd8 25. Qb4 Ba6 26. Qxb8 Rxb8 27. Nc5 Bb5 28. Nb7 Ba6 29. Rc7 Bxb7 30. Rxb7 Rxb7 31. Bxb7 Nd6 32. Ba6 Kg7 33. f3 Kf8 34. Kf2 Ke7 35. Ke3 e5 36. b4 Ke6 37. a4 Kd5 38.
a5 f5 39. Bd3 Nc4+ 40. Ke2 e4 41. Bc2 Kd4 42. Ba4 Kc3 43. Bd7 exf3+ 44. Kf2 Kxb4 45. Bxf5 Kxa5 46. Bxh7 Ne5 47. Bf5 Kb4 48. h4 a5 49. h5 a4 50. h6 a3 51. h7 a2 52.
h8=Q a1=Q 1/2-1/2

[Event "XI Continental-ch America 2016"]
[Site "San Salvador"]
[Date "2016.06.03"]
[Round "9"]
[White "Quintiliano, Renato"]
[Black "Pichot, Alan"]
[Result "1/2-1/2"]
[ECO "A61"]
[WhiteElo "2441"]
[BlackElo "2532"]
[PlyCount "78"]
[EventDate "2016.??.??"]
[EventCountry "ESA"]
[TimeControl "40/5400+30:1800+30"]
[WhiteClock "0:10:38"]
[BlackClock "0:04:35"]

1. d4 Nf6 2. c4 c5 3. d5 e6 4. Nc3 exd5 5. cxd5 d6 6. Nf3 g6 7. e4 Bg7 8. h3 O-O 9. Bd3 Re8 10. O-O Na6 11. Re1 Nc7 12. a4 Rb8 13. Bf4 a6 14. Bf1 Nh5 15.
Bh2 f5 16. e5 f4 17. exd6 Qxd6 18. Rxe8+ Nxe8 19. Nd2 Bd4 20.
Ne2 Bg7 21. Nc4 Qf6 22. g4 fxg3 23. fxg3 Bh6 24. a5 Bd7 25. g4 Nf4 26. Ra3 Bb5 27. Rf3 g5 28. Nxf4 gxf4 29. Qd2 Bxc4 30. Bxc4 Nd6 31. Bxf4 Nxc4 32. Bxh6 Qxf3 33.
Qg5+ Kf7 34. Qg7+ Ke8 35. Qg8+ Kd7 36. Qe6+ Kc7 37. Qe7+ Kc8 38. Qe6+ Kc7 39. Qe7+ Kc8 1/2-1/2

[Event "XI Continental-ch America 2016"]
[Site "San Salvador"]
[Date "2016.06.03"]
[Round "9"]
[White "Ortiz Suarez, Isan Reynaldo"]
[Black "Barrientos, Sergio"]
[Result "0-1"]
[ECO "A05"]
[WhiteElo "2578"]
[BlackElo "2466"]
[PlyCount "74"]
[EventDate "2016.??.??"]
[EventCountry "ESA"]
[TimeControl "40/5400+30:1800+30"]
[WhiteClock "0:01:41"]
[BlackClock "0:23:37"]

1. Nf3 Nf6 2. g3 e6 3. Bg2 d5 4. O-O Be7 5. c4 O-O 6. b3 c5 7. Bb2 d4 8. e3 Nc6 9. exd4 cxd4 10. d3 Re8 11. a3 a5 12. Nbd2 Bc5 13.
Re1 h6 14. Ne5 Nxe5 15. Rxe5 Qd6 16. f4 Rb8 17. h3 Bd7 18.
Kh2 Bc6 19. Qf1 Nd7 20. Re2 b5 21. Bxc6 Qxc6 22. Rc1 bxc4 23. Rxc4 e5 24. Qe1 Qd5 25. f5 Nf6 26. Ne4 Nxe4 27. dxe4 Qd6 28. Qxa5 d3 29. Rg2 Be3 30. Bc3 Rxb3 31. Qa4 Qb8 32. Bb4 Rb1 33. Qa5 Rc8 34. Rxc8+ Qxc8 35. Bd2 Bd4 36. Qa4 Kh7 37. f6 Rh1+ 0-1

[Event "XI Continental-ch America 2016"]
[Site "San Salvador"]
[Date "2016.06.04"]
[Round "10"]
[White "Pichot, Alan"]
[Black "Sanchez Alvarez, Roberto Carlos"]
[Result "1-0"]
[ECO "B90"]
[WhiteElo "2532"]
[BlackElo "2397"]
[Annotator "ChessBase"]
[PlyCount "63"]
[EventDate "2016.??.??"]
[EventCountry "ESA"]
[Source "ChessBase"]
[TimeControl "40/5400+30:1800+30"]

1. e4 c5 2. Nf3 d6 3. d4 cxd4 4. Nxd4 Nf6 5. Nc3 a6 6. Qf3 Nbd7 7. Be2 e6 8. Be3 Qc7 9. g4 h6 10. Qh3 Nc5 11. f3 b5 12. g5 b4 13.
gxf6 bxc3 14. b4 e5 15. Qg3 Ne6 16. Nxe6 fxe6 17. f4 gxf6 18. fxe5 dxe5 19. Rd1 Qf7 20. Bb6 Be7 21. Rg1 Bb7 22. Qh3 h5 23. Qd3 f5 24. exf5 Bh4+ 25. Rg3 exf5 26. Qxc3 Qg7 27. Qb3 Rh6 28. Bc5 Bc8 29. Qd5 Rb8 30. Kf1 Bxg3 31. Qd8+ Kf7 32. hxg3 {Kf8 Bxf8} 1-0